 Dungeon Crawl Stone Soup version 0.31.0-32-g396128a36d (webtiles) character file.

Game seed: 7393916150402202146

1388 hawla the Cutter (level 8, -7/41 HPs)
             Began as a Deep Elf Fire Elementalist on Apr 15, 2024.
             Was an Initiate of Vehumet.
             Shot with a bolt by an orc warrior (22 damage)
             ... on level 6 of the Dungeon.
             The game lasted 00:10:25 (5897 turns).

hawla the Cutter (Deep Elf Fire Elementalist)       Turns: 5897, Time: 00:10:26

Health: -7/41      AC:  5    Str:  5    XL:     8   Next: 40%
Magic:  14/17      EV: 12    Int: 23    God:    Vehumet [......]
Gold:   93         SH:  0    Dex: 15    Spells: 7/16 levels left

rFire   . . .        d - +2 short sword (heavy)
rCold   . . .        (no shield)
rNeg    . . .        a - +1 robe
rPois   .            (no helmet)
rElec   .            (no cloak)
rCorr   .            g - +0 pair of gloves
SInv    .            y - +0 pair of boots
Will    .....        (no amulet)
Stlth   ++           l - ring of wizardry
HPRegen 0.26/turn    (no ring)
MPRegen 0.15/turn

%: wizardry (x1)
@: no status effects
A: no striking features
a: Renounce Religion


You were on level 6 of the Dungeon.
You worshipped Vehumet.
Vehumet was noncommittal.
You visited 2 branches of the dungeon, and saw 7 of its levels.

You collected 249 gold pieces.
You spent 156 gold pieces at shops.

Inventory:

Hand Weapons
 d - a +2 heavy short sword (weapon)
Armour
 a - a +1 robe (worn)
 g - a +0 pair of gloves (worn)
 y - a +0 pair of boots (worn)
Jewellery
 l - a ring of wizardry (left hand)
Wands
 i - a wand of iceblast (10) (quivered)
Scrolls
 c - a scroll of vulnerability
 h - 2 scrolls of poison
 j - a scroll of immolation
 n - 2 scrolls of fog
 o - a scroll of blinking
 u - 3 scrolls of teleportation
Potions
 b - 2 potions of magic
 e - a potion of brilliance
 f - 3 potions of heal wounds {unknown}
 k - 3 potions of curing {unknown}
 m - a potion of might {unknown}
 p - 2 potions of enlightenment {unknown}
 r - a potion of haste {unknown}
 s - a potion of resistance {unknown}
 t - a potion of degeneration {unknown}
 x - a potion of ambrosia {unknown}
 z - a potion of lignification {unknown}


   Skills:
 + Level 7.2 Short Blades
 - Level 2.4 Dodging
 - Level 2.4 Stealth
 - Level 4.8 Spellcasting
 - Level 3.7 Conjurations
 - Level 6.6 Fire Magic
 - Level 2.2 Evocations


You had 7 spell levels left.
You knew the following spells:

 Your Spells              Type           Power      Damage    Failure   Level
a - Foxfire               Conj/Fire      100%       2x1d9     1%          1
b - Scorch                Fire           72%        2d8       1%          2
c - Flame Wave            Conj/Fire      29%        2d9       4%          4
d - Blink                 Tloc           10%        N/A       6%          2

Your spell library contained the following spells:

 Spells                   Type           Power      Damage    Failure   Level
 Momentum Strike          Conj/Tloc      28%        3d8       2%          2
 Inner Flame              Hex/Fire       20%        N/A       3%          3
 Volatile Blastmotes      Fire/Tloc      40%        2d13      3%          3
 Call Imp                 Summ           10%        N/A       6%          2
 Lesser Beckoning         Tloc           10%        N/A       6%          2
 Sublimation of Blood     Necr           5%         N/A       6%          2
 Summon Hydra             Summ           2%         N/A       100%        7


Dungeon Overview and Level Annotations

Branches:
Dungeon (6/15)             Temple (1/1) D:6

Altars:
Cheibriados
Dithmenos
Elyvilon
Fedhas
Gozag
Hepliaklqana
Kikubaaqudgha
Nemelex Xobeh
Ru
Sif Muna
Trog
Vehumet
Wu Jian
Yredelemnul
Zin
The Shining One

Shops:
D:1 !   D:5 *


Message History

Casting: Scorch (safe; 1% risk of failure)
Confirm with . or Enter, or press ? or * to list all spells.
Flames lash the orc warrior.
The orc warrior is heavily wounded.
The orc warrior's fire resistance burns away.
A phantom comes into view.
The orc warrior barely misses you.
Casting: Scorch (safe; 1% risk of failure)
Confirm with . or Enter, or press ? or * to list all spells.
Casting: Flame Wave (dangerous; 4% risk of failure)
Press: ? - help, Dir - look around, f - activate A wave of flame ripples out!
The flame wave engulfs the orc warrior.
The orc warrior is burned terribly!
The orc warrior is severely wounded. (Press . to intensify the flame waves.)
The orc warrior hits you with a +0 scimitar!
Magic courses through your body. The phantom hits you.
The phantom blinks!
You blink.
A centaur comes into view.
Unknown command.
Okay, then.
Casting: Flame Wave (dangerous; 4% risk of failure)
Confirm with . or Enter, or press ? or * to list all spells.
You conjure some foxfire!
The centaur shouts!
The orc warrior is no longer more vulnerable to fire.
The phantom hits you but does no damage.
The orc warrior unwields a +0 scimitar.
The orc warrior wields a +0 arbalest.
The orc warrior shoots a bolt.
The bolt closely misses you. The bolt barely misses your foxfire.
The foxfire hits the centaur.
The centaur is lightly wounded.
Casting: Foxfire (safe; 1% risk of failure)
Confirm with . or Enter, or press ? or * to list all spells.
Flames lash the centaur but do no damage.
The foxfire hits the centaur.
The centaur is moderately wounded.
The phantom completely misses you.
The orc warrior shoots a bolt.
The bolt hits you!!
Ouch! That really hurt!
You die...

##+## ##...##
#.##.....##
#.#..c@..)## .
##.....W....####...
...................
#.#..........###...
# ##.......#o#
##.....##.#
##...###)# ##'##
#)# #.# #.#


You could see an orc warrior, a phantom and a centaur.

Vanquished Creatures
  Grinder (D:3)
  2 black bears
  2 centaurs (D:5)
  3 phantoms
  3 wights (D:6)
  A hound (D:4)
  3 jellies
  An orc priest (D:4)
  2 iguanas (D:5)
  Jessica (D:3)
  A sleepcap (D:4)
  Terence (D:2)
  An orc wizard (D:6)
  Ijyb (D:3)
  A gnoll (D:1)
  5 adders
  A white imp (D:6)
  2 ribbon worms (D:3)
  3 dart slugs
  8 orcs
  5 endoplasms
  2 giant cockroaches
  8 hobgoblins
  10 jackals
  2 quokkas
  3 ball pythons
  3 bats
  6 frilled lizards
  5 goblins
  7 kobolds
  8 rats
102 creatures vanquished.

Vanquished Creatures (others)
  174 foxfires
174 creatures vanquished.

Grand Total: 276 creatures vanquished

Notes
Turn   | Place    | Note
-------+----------+-------------------------------------------
     0 | D:1      | hawla the Deep Elf Fire Elementalist began the quest for
                  | the Orb.
     0 | D:1      | Reached XP level 1. HP: 10/10 MP: 6/6
   336 | D:1      | Reached XP level 2. HP: 15/15 MP: 6/8
   654 | D:1      | Learned a level 2 spell: Scorch
   731 | D:1      | Found Cerph's Distillery.
   877 | D:1      | Reached XP level 3. HP: 19/19 MP: 3/9
  1607 | D:2      | Reached skill level 5 in Fire Magic
  1763 | D:2      | Noticed Terence
  1772 | D:2      | Killed Terence
  1773 | D:2      | Reached skill level 1 in Short Blades
  1773 | D:2      | Reached XP level 4. HP: 24/24 MP: 1/11
  2349 | D:3      | Learned a level 4 spell: Flame Wave
  2543 | D:3      | Noticed Ijyb
  2549 | D:3      | Killed Ijyb
  2550 | D:3      | Reached XP level 5. HP: 28/28 MP: 7/12
  2616 | D:3      | Found a shimmering blue altar of Sif Muna.
  2616 | D:3      | Found a sacrificial altar of Ru.
  2674 | D:3      | Noticed Grinder
  2684 | D:3      | Paralysed by Grinder for 4 turns
  2696 | D:3      | Paralysed by Grinder for 3 turns
  2703 | D:3      | Killed Grinder
  2704 | D:3      | Reached skill level 2 in Short Blades
  2704 | D:3      | Reached skill level 1 in Evocations
  2704 | D:3      | Reached XP level 6. HP: 25/32 MP: 2/14
  2812 | D:3      | Noticed Jessica
  2817 | D:3      | Killed Jessica
  2862 | D:3      | You fall into a shaft and drop 1 floor!
  2943 | D:4      | Found a shadowy altar of Dithmenos.
  3677 | D:4      | Reached XP level 7. HP: 35/36 MP: 15/15
  4518 | D:5      | Entered Level 5 of the Dungeon
  4523 | D:5      | Learned a level 2 spell: Blink
  4559 | D:5      | Reached skill level 3 in Short Blades
  4563 | D:5      | Reached skill level 4 in Short Blades
  4773 | D:5      | Reached skill level 5 in Short Blades
  5002 | D:5      | Found a basalt altar of Yredelemnul.
  5011 | D:5      | Reached XP level 8. HP: 41/41 MP: 10/17
  5110 | D:5      | Found Zoraer's Assorted Antiques.
  5115 | D:5      | Bought a scroll of teleportation for 78 gold pieces
  5115 | D:5      | Bought a scroll of teleportation for 78 gold pieces
  5416 | D:5      | Reached skill level 6 in Short Blades
  5811 | D:6      | Found a staircase to the Ecumenical Temple.
  5816 | D:6      | Reached skill level 7 in Short Blades
  5817 | Temple   | Entered the Ecumenical Temple
  5823 | Temple   | Became a worshipper of Vehumet
  5897 | D:6      | Shot with a bolt by an orc warrior

Illustrated notes

Levels and vault maps discovered:
D:1:      evilmike_arrival_hilbert_curve, layout_basic, serial_shops, shop
D:2:      layout_loops_cross, nrook_mini_backslash, uniq_terence
D:3:      layout_loops_ring, nicolae_overflow_two_pavilions, kennysheep_boxes,
          uniq_ijyb, uniq_grinder, uniq_jessica
D:4:      layout_basic, nicolae_dithmenos_the_darkroom, serial_park_tiny_pond
D:5:      layout_loops_ring, mainiacjoe_overflow_surrounded_room, serial_shops,
          shop
D:6:      layout_loops_corners, minmay_temple_entry_slanted,
          serial_bayou_lagoon_a
Temple:   hellmonk_temple_two_chambers

Skill      XL: |  1  2  3  4  5  6  7  8 |
---------------+-------------------------+-----
Fire Magic     | 4 5 6 |  6.6
Short Blades   | 1 2 5 7 |  7.2
Spellcasting   | 4 |  4.8
Conjurations   | 2 3 |  3.7
Evocations     | 1 2 |  2.2
Dodging        | |  2.4
Stealth        | |  2.4

Action                     |  1- 3 |  4- 6 |  7- 9 || total
---------------------------+-------+-------+-------++-------
  Melee: Unarmed           |     3 |       |       ||     3
         Short sword       |     2 |    59 |    49 ||   110
         Punch             |       |     2 |       ||     2
   Cast: Foxfire           |    57 |    27 |    18 ||   102
         Scorch            |    14 |    10 |    28 ||    52
         Flame Wave        |       |       |     4 ||     4
    Use: Scroll            |     2 |     3 |     7 ||    12
         Potion            |       |       |     1 ||     1
   Stab: Sleeping          |       |     4 |     1 ||     5
 Armour: Robe              |     4 |    28 |    44 ||    76
  Dodge: Dodged            |    10 |    37 |    47 ||    94
